 Dungeon Sprint DCSS version 0.23-a0-151-gf6d1ed2 (webtiles) character file.

4 emperorscorpion the Gusty (level 1, -1/15 HPs)
             Began as a Deep Elf Air Elementalist on Sept 8, 2018.
             Slain by a scorpion (7 damage)
             ... in the Dungeon (Sprint IX: "|||||||||||||||||||||||||||||").
             The game lasted 00:00:32 (42 turns).

emperorscorpion the Gusty (Deep Elf Air Elementalist) Turns: 42, Time: 00:00:33

Health: -1/15      AC:  2    Str: 10    XL:     1   Next: 50%
Magic:  3/7        EV: 13    Int: 19    God:
Gold:   0          SH:  0    Dex: 15    Spells: 6/7 levels left

rFire    . . .     SeeInvis .   j - +0 short sword (holy)
rCold    . . .     Gourm    .   (no shield)
rNeg     . . .     Faith    .   a - +0 robe
rPois    .         Spirit   .   (no helmet)
rElec    .         Reflect  .   (no cloak)
rCorr    .         Harm     .   (no gloves)
MR       .....     NoTele   +   (no boots)
Stlth    ..........             (no amulet)
HPRegen  0.05/turn              (no ring)
MPRegen  0.10/turn              (no ring)

@: berserking, very slightly contaminated, very quick
A: no striking features
a: no special abilities


You were in the Dungeon.
You were not hungry.

You visited 1 branch

Inventory:

Hand Weapons
 j - a +0 short sword of holy wrath (weapon)
Armour
 a - a +0 robe (worn)
Scrolls
 i - a scroll of blinking
Potions
 d - a potion of curing
 e - a potion of heal wounds
 f - a potion of haste
 g - 2 potions of magic
Comestibles
 b - 7 chunks of flesh
 c - a ration


   Skills:
 - Level 2.4 Dodging
 - Level 2.4 Stealth
 + Level 3.5 Spellcasting
 + Level 1.2 Conjurations
 + Level 4.1 Air Magic


You had 6 spell levels left.
You knew the following spells:

 Your Spells              Type           Power        Failure   Level  Hunger
a - Shock                 Conj/Air       ##..         4%          1    None

Your spell library contained the following spells:

 Spells                   Type           Power        Failure   Level  Hunger
 Swiftness                Chrm/Air       ##......     10%         2    ##.....
 Static Discharge         Conj/Air       ##......     14%         3    ###....
 Airstrike                Air            ###.......   26%         4    ####...
 Lightning Bolt           Conj/Air       ##........   80%         5    ######.


Dungeon Overview and Level Annotations

Branches:
Dungeon (1/1)

Altars:


Message History

b - 4 chunks of flesh (gained 3);
b - 7 chunks of flesh (gained 3)
There is an open door to the Dungeon here.
Things that are here:
a club; a hobgoblin skeleton You see here a bat skeleton.
You open the door.
A ball python, a worker ant, a scorpion, a centaur and a skeleton come into The ball python hisses angrily.
You see here a bat skeleton.
There is an open door to the Dungeon here.
Things that are here:
a club; a hobgoblin skeleton
There is a staircase leading out of the dungeon here.
A red film seems to cover your vision as you go berserk!
You feel yourself moving faster!
You feel mighty! The scorpion barely misses you.
You completely miss the scorpion. You barely miss the scorpion.
The scorpion closely misses you.
You barely miss the scorpion. The scorpion stings you!
You die...

▓.▓
▓.▓
▓÷▓
▓.▓
▓a▓
▓S▓
▓Z▓
▓s▓
▓@▓
▓▓▓


You could see a scorpion, a worker ant, a ball python and an adder skeleton.

Vanquished Creatures
  A hobgoblin (D)
  A bat (D)
  A goblin (D)
  A kobold (D)
  A rat (D)
5 creatures vanquished.

Notes
Turn   | Place    | Note
-------+----------+-------------------------------------------
     0 | D        | emperorscorpion the Deep Elf Air Elementalist began the
                  | quest for the Orb.
     0 | D        | Reached XP level 1. HP: 10/10 MP: 6/6
     7 | D        | Reached skill level 4 in Air Magic
    29 | D        | Noticed a centaur
    29 | D        | Noticed a worker ant
    29 | D        | Noticed a scorpion
    42 | D        | Slain by a scorpion

Vault maps used:
D:        linesprint

Skill      XL: |  1 |
---------------+----+-----
Air Magic      | 4 |  4.1
Dodging        | |  2.4
Stealth        | |  2.4
Spellcasting   | |  3.5
Conjurations   | |  1.2

Action                   || total
-------------------------++-------
Melee: Short sword       ||     3
 Cast: Shock             ||     4
  Use: Potion            ||     1
Dodge: Dodged            ||     3

Table legend:
 A = Non-vault XP
 B = Vault XP
 C = Vault XP percentage of total XP
 D = Non-vault monster count
 E = Vault monster count
 F = Vault count percentage of total count
                 A         B        C        D         E       F
            +---------+---------+-------+---------+---------+-------
      Total |       0 |       6 | 100.0 |       0 |       5 | 100.0
            +---------+---------+-------+---------+---------+-------
          D |       0 |       6 | 100.0 |       0 |       5 | 100.0
            +---------+---------+-------+---------+---------+-------
